AoeStats
← CLOUS

Arena

506489706Analyzed
2v2 RM · 19d ago on Sep 13, 2026· 42m 52s· 4 players
Game mode
Random Map
Map size
Medium (4 player)
Population
200
Speed
Normal
Resources
Standard
Victory
Conquest
Starting age
Dark Age
Ending age
Imperial Age
RankedLock teamsTeams togetherTeam positionsShared explorationLock speedFull tech treeHidden civsTurbo modeCheats
Victory
Defeat
🇦🇷 Franks · Argentina
1261
+16
🇨🇱 Armenians · Chile
1260
+16
🇳🇱 Teutons · Netherlands
1276
-16
🇳🇱 Portuguese · Netherlands
1259
-16
CLOUS
10:15 Feudal Age
14:08 Castle Age
12:38 Double-Bit Axe
15:25 Bow Saw
19:00 Town Watch
21:27 Wheelbarrow
20:38 Loom
21:15 Stone Mining
21:16 Gold Mining
23:38 Hand Cart
28:28 Imperial Age
27:01 Scale Barding Armor
27:06 Forging
27:50 Husbandry
28:11 Chain Barding Armor
28:32 Cavalier
29:56 Iron Casting
30:55 Town Patrol
31:31 Plate Barding Armor
32:15 Chemistry
31:26 Masonry
31:41 Paladin
33:59 Blast Furnace
32:51 Fletching
34:17 Padded Archer Armor
34:24 Siege Engineers
34:50 Architecture
34:49 Conscription
36:32 Devotion
37:05 #83
39:14 Bodkin Arrow
40:00 Murder Holes
40:26 Ballistics
43:54 Hoardings
larry fisherman
10:07 Feudal Age
11:49 Loom
14:17 Castle Age
12:56 Double-Bit Axe
17:39 Wheelbarrow
23:21 Loom
24:00 Bow Saw
25:21 Horse Collar
26:54 Gold Mining
26:52 Town Watch
30:24 Imperial Age
28:01 Scale Mail Armor
30:18 Chain Mail Armor
30:13 Forging
30:40 Fortified Wall
30:11 Man-at-Arms
30:52 Squires
31:18 Fereters
30:52 Capped Ram
31:02 Long Swordsman
32:34 Iron Casting
32:00 Two-Handed Swordsman
33:37 Plate Mail Armor
33:09 Gambesons
33:01 Champion
35:45 Blast Furnace
35:01 Siege Ram
36:44 Conscription
36:49 Arson
39:58 Pikeman
Vandefilm
10:46 Feudal Age
14:31 Castle Age
12:49 Double-Bit Axe
14:17 Gold Mining
15:42 Bow Saw
25:01 Imperial Age
25:39 Loom
28:23 Chemistry
29:17 Arquebus
31:06 Siege Engineers
31:49 Wheelbarrow
31:42 Scale Mail Armor
31:53 Forging
31:53 Fletching
32:38 Chain Mail Armor
31:49 Pikeman
33:01 Onager
33:32 Town Watch
34:27 Fortified Wall
34:34 Halberdier
35:45 Plate Mail Armor
35:50 Iron Casting
39:13 Iron Casting
38:33 Bodkin Arrow
39:10 Masonry
39:58 Coinage
42:54 Banking
43:05 Bracer
Deko
10:24 Feudal Age
14:16 Castle Age
12:48 Double-Bit Axe
15:01 Horse Collar
17:55 Atonement
18:20 Loom
26:11 Bow Saw
26:10 Heavy Plow
32:16 Imperial Age
31:21 Wheelbarrow
31:53 Scale Barding Armor
31:59 Forging
32:33 Hand Cart
32:33 Bloodlines
32:50 Chain Barding Armor
33:49 Iron Casting
32:38 Cavalier
34:21 Two-Man Saw
34:01 Crop Rotation
33:44 Paladin
34:59 Conscription
35:42 Plate Barding Armor
36:07 Blast Furnace
36:15 Blast Furnace
36:06 Crenellations
36:34 Fletching
Connection lost

Rejoining the realm…

Still unreachable

The connection could not be restored.

Session expired

The server has moved on; the page needs a fresh start.